3AAA
LÉVIS ROCKS @ MILTON BILLS
06/21/2017
 
TOP OF THE 1ST
Viola Spearheads batting - Pitching for Winchester Cosmos : RHP Jim Unknown
Pitching: RHP Jim Unknown
Batting: RHB Jim Unknown 0-0: Ball
1-0: Ball
2-0: Ball
3-0: Base on Balls
Batting: RHB Jim Unknown 0-0: Ball
1-0: Called Strike
1-1: Foul Ball, location: 2F
1-2: Strikes out swinging
Batting: RHB Doug Rowland 0-0: Ball
1-0: Ball
2-0: Foul Ball, location: 2F
2-1: Grounds into double play, 6-4-3 (Groundball, 6M)
Top of the 1st over - 0 run(s), 0 hit(s), 0 error(s), 0 left on base; Viola 0 - Winchester 0
BOTTOM OF THE 1ST
Winchester Cosmos batting - Pitching for Viola Spearheads : RHP Jim Unknown
Pitching: RHP Jim Unknown
Batting: RHB Alberto Ortíz 0-0: Called Strike
0-1: SINGLE (Groundball, 6D)
Batting: SHB Jim Unknown 0-0: Ball
1-0: Called Strike
1-1: Swinging Strike
1-2: Strikes out swinging
Batting: LHB Mark Singer 0-0: Ball
1-0: Foul Ball, location: 2F
1-1: Ball
2-1: Foul Ball, location: 2F
2-2: Foul Ball, location: 2F
2-2: Grounds into double play, 4-6-3 (Groundball, 4)
Bottom of the 1st over - 0 run(s), 1 hit(s), 0 error(s), 0 left on base; Viola 0 - Winchester 0
TOP OF THE 2ND
Viola Spearheads batting - Pitching for Winchester Cosmos : RHP Jim Unknown
Batting: RHB Jim Unknown 0-0: Called Strike
0-1: Swinging Strike
0-2: Strikes out swinging
Batting: RHB Pepe Gómez 0-0: Ground out U3 (Groundball, 3)
Batting: RHB Jim Unknown 0-0: Swinging Strike
0-1: Called Strike
0-2: Ball
1-2: Strikes out swinging
Top of the 2nd over - 0 run(s), 0 hit(s), 0 error(s), 0 left on base; Viola 0 - Winchester 0
BOTTOM OF THE 2ND
Winchester Cosmos batting - Pitching for Viola Spearheads : RHP Jim Unknown
Batting: SHB Todd Cisneros 0-0: Ball
1-0: Swinging Strike
1-1: Foul Ball, location: 2F
1-2: Ball
2-2: Ground out U3 (Groundball, 3L)
Batting: LHB Jim Unknown 0-0: Ball
1-0: Swinging Strike
1-1: Ball
2-1: Swinging Strike
2-2: Ball
3-2: Strikes out swinging
Batting: LHB Jim Unknown 0-0: Ball
1-0: Ball
2-0: Ball
3-0: Base on Balls
Batting: RHB Jim Unknown 0-0: Ball
1-0: Ball
2-0: Foul Ball, location: 2F
2-1: Foul Ball, location: 2F
2-2: Foul Ball, location: 2F
2-2: Strikes out swinging
Bottom of the 2nd over - 0 run(s), 0 hit(s), 0 error(s), 1 left on base; Viola 0 - Winchester 0
TOP OF THE 3RD
Viola Spearheads batting - Pitching for Winchester Cosmos : RHP Jim Unknown
Batting: LHB Jim Unknown 0-0: Swinging Strike
0-1: Ball
1-1: Reached on error, E2 (Groundball, 2L)
Batting: RHB Daniel Drake 0-0: Called Strike
0-1: Swinging Strike
0-2: Foul Ball, location: 2F
0-2: Ball
1-2: Strikes out swinging
Batting: RHB Jim Unknown 0-0: Ball
1-0: Fielders Choice at 2nd, 4-6 (Groundball, 4M)
Batting: RHB Jim Unknown 0-0: Foul Ball, location: 2F
0-1: Ball
1-1: Ball
2-1: Foul Ball, location: 2F
2-2: Ball
3-2: Foul Ball, location: 2F
3-2: Foul Ball, location: 2F
3-2: Foul Ball, location: 2F
3-2: Strikes out swinging
Top of the 3rd over - 0 run(s), 0 hit(s), 1 error(s), 1 left on base; Viola 0 - Winchester 0
BOTTOM OF THE 3RD
Winchester Cosmos batting - Pitching for Viola Spearheads : RHP Jim Unknown
Batting: LHB Jim Unknown 0-0: Called Strike
0-1: Ball
1-1: Fly out, F2 (Popup, 2LF)
Batting: LHB Jim Unknown 0-0: Swinging Strike
0-1: Ball
1-1: Foul Ball, location: 2F
1-2: Strikes out looking
Batting: RHB Alberto Ortíz 0-0: Ball
1-0: Fly out, F4 (Popup, 3D)
Bottom of the 3rd over - 0 run(s), 0 hit(s), 0 error(s), 0 left on base; Viola 0 - Winchester 0
TOP OF THE 4TH
Viola Spearheads batting - Pitching for Winchester Cosmos : RHP Jim Unknown
Batting: RHB Jim Unknown 0-0: Ball
1-0: Foul Ball, location: 2F
1-1: Ground out 5-3 (Groundball, 56S)
Batting: RHB Doug Rowland 0-0: Called Strike
0-1: Ball
1-1: Fly out, F3 (Popup, 3F)
Batting: RHB Jim Unknown 0-0: Ball
1-0: Ball
2-0: Ball
3-0: Foul Ball, location: 2F
3-1: Foul Ball, location: 2F
3-2: Ground out 6-3 (Groundball, 6)
Top of the 4th over - 0 run(s), 0 hit(s), 0 error(s), 0 left on base; Viola 0 - Winchester 0
BOTTOM OF THE 4TH
Winchester Cosmos batting - Pitching for Viola Spearheads : RHP Jim Unknown
Batting: SHB Jim Unknown 0-0: Ball
1-0: Called Strike
1-1: Swinging Strike
1-2: Strikes out swinging
Batting: LHB Mark Singer 0-0: Ball
1-0: Ball
2-0: Ball
3-0: Base on Balls
Batting: SHB Todd Cisneros 0-0: Foul Ball, location: 2F
0-1: Grounds into double play, 4-6-3 (Groundball, 4)
Bottom of the 4th over - 0 run(s), 0 hit(s), 0 error(s), 0 left on base; Viola 0 - Winchester 0
TOP OF THE 5TH
Viola Spearheads batting - Pitching for Winchester Cosmos : RHP Jim Unknown
Batting: RHB Pepe Gómez 0-0: Called Strike
0-1: Foul Ball, location: 2F
0-2: Ball
1-2: DOUBLE (Line Drive, 8RS)
Batting: RHB Jim Unknown 0-0: Ball
1-0: Ground out 6-3 (Groundball, 6M)
Pepe Gómez to third
Batting: LHB Jim Unknown 0-0: 2-RUN HOME RUN (Flyball, 78XD), Distance : 418 ft
Batting: RHB Daniel Drake 0-0: Ball
1-0: Ball
2-0: Foul Ball, location: 2F
2-1: Foul Ball, location: 2F
2-2: Foul Ball, location: 2F
2-2: SINGLE (Groundball, 56D)
Batting: RHB Jim Unknown 0-0: Ball
1-0: Ball
2-0: Foul Ball, location: 2F
2-1: Called Strike
2-2: Grounds into double play, 4-6-3 (Groundball, 4M)
Top of the 5th over - 2 run(s), 3 hit(s), 0 error(s), 0 left on base; Viola 2 - Winchester 0
BOTTOM OF THE 5TH
Winchester Cosmos batting - Pitching for Viola Spearheads : RHP Jim Unknown
Batting: LHB Jim Unknown 0-0: Ball
1-0: Ball
2-0: Ball
3-0: Called Strike
3-1: Base on Balls
Batting: LHB Jim Unknown 0-0: Ball
1-0: Foul Ball, location: 2F
1-1: Grounds into double play, 6-4-3 (Groundball, 6)
Batting: RHB Jim Unknown 0-0: Foul Ball, location: 2F
0-1: Called Strike
0-2: Ball
1-2: Foul Ball, location: 2F
1-2: Foul Ball, location: 2F
1-2: Ball
2-2: Foul Ball, location: 2F
2-2: Ball
3-2: Base on Balls
Batting: LHB Jim Unknown 0-0: Ball
1-0: Foul Ball, location: 2F
1-1: Called Strike
Jim Unknown is caught stealing 2nd base
Bottom of the 5th over - 0 run(s), 0 hit(s), 0 error(s), 0 left on base; Viola 2 - Winchester 0
TOP OF THE 6TH
Viola Spearheads batting - Pitching for Winchester Cosmos : RHP Jim Unknown
Batting: RHB Jim Unknown 0-0: Called Strike
0-1: Ball
1-1: Swinging Strike
1-2: Ball
2-2: Strikes out swinging
Batting: RHB Jim Unknown 0-0: Called Strike
0-1: Foul Ball, location: 2F
0-2: SINGLE (Groundball, 15S) (infield hit)
Batting: RHB Doug Rowland 0-0: Called Strike
0-1: Ball
Balk!
Jim Unknown to second
1-1: Foul Ball, location: 2F
1-2: Ball
2-2: Ball
3-2: Base on Balls
Batting: RHB Jim Unknown 0-0: Ball
Wild Pitch!
Jim Unknown to third
Doug Rowland to second
1-0: DOUBLE (Groundball, 3L)
Jim Unknown scores
Doug Rowland scores
Batting: RHB Pepe Gómez 0-0: Foul Ball, location: 2F
0-1: Swinging Strike
0-2: Ball
1-2: Strikes out swinging
Batting: RHB Jim Unknown 0-0: Ground out U3 (Groundball, 3)
Top of the 6th over - 2 run(s), 2 hit(s), 0 error(s), 1 left on base; Viola 4 - Winchester 0
BOTTOM OF THE 6TH
Winchester Cosmos batting - Pitching for Viola Spearheads : RHP Jim Unknown
Batting: LHB Jim Unknown 0-0: TRIPLE (Flyball, 78M)
Batting: LHB Jim Unknown 0-0: Ball
1-0: Ball
2-0: Called Strike
2-1: Ball
3-1: Called Strike
3-2: Foul Ball, location: 2F
3-2: Base on Balls
Batting: RHB Alberto Ortíz 0-0: Ball
1-0: Ball
2-0: Foul Ball, location: 2F
2-1: Grounds into double play, 5-4-3 (Groundball, 5L)
Jim Unknown scores
Batting: SHB Jim Unknown 0-0: Ball
1-0: Ball
2-0: Foul Ball, location: 2F
2-1: Foul Ball, location: 2F
2-2: SOLO HOME RUN (Flyball, 9LD), Distance : 359 ft
Batting: LHB Mark Singer 0-0: Called Strike
0-1: Foul Ball, location: 2F
0-2: Ball
1-2: Foul Ball, location: 2F
1-2: DOUBLE (Line Drive, 9LS)
Batting: SHB Todd Cisneros 0-0: SINGLE (Groundball, 6MD) (infield hit)
Mark Singer to third
Batting: LHB Jim Unknown 0-0: Ball
1-0: Ball
Wild Pitch!
Mark Singer scores
Todd Cisneros to second
2-0: Foul Ball, location: 2F
2-1: Ball
3-1: Base on Balls
Batting: LHB Jim Unknown 0-0: Ball
1-0: Called Strike
1-1: Foul Ball, location: 2F
1-2: Ball
2-2: Foul Ball, location: 2F
2-2: Ball
3-2: Strikes out swinging
Bottom of the 6th over - 3 run(s), 4 hit(s), 0 error(s), 2 left on base; Viola 4 - Winchester 3
TOP OF THE 7TH
Viola Spearheads batting - Pitching for Winchester Cosmos : RHP Jim Unknown
Batting: LHB Jim Unknown 0-0: Called Strike
0-1: Ball
1-1: Ball
2-1: Foul Ball, location: 2F
2-2: Ball
3-2: SINGLE (Line Drive, 56D)
Batting: RHB Daniel Drake 0-0: Ball
1-0: Ball
2-0: Ball
3-0: Base on Balls
Jim Unknown to second
Batting: RHB Jim Unknown 0-0: Ball
1-0: Sac Bunt - play at first, batter OUT! 1-4
Jim Unknown to third
Daniel Drake to second
Batting: RHB Jim Unknown 0-0: Ball
Wild Pitch!
Jim Unknown scores
Daniel Drake to third
1-0: Fly out, F8 (Line Drive, 8RS)
Pitching: RHP Armanno Salutari
Batting: RHB Jim Unknown 0-0: Ball
1-0: Ball
2-0: Ball
3-0: Called Strike
3-1: Base on Balls
Batting: RHB Doug Rowland 0-0: Ground out 4-3 (Groundball, 4)
Top of the 7th over - 1 run(s), 1 hit(s), 0 error(s), 2 left on base; Viola 5 - Winchester 3
BOTTOM OF THE 7TH
Winchester Cosmos batting - Pitching for Viola Spearheads : RHP Jim Unknown
Batting: RHB Jim Unknown 0-0: DOUBLE (Line Drive, 9D)
Batting: LHB Jim Unknown 0-0: Foul Ball, location: 2F
0-1: Called Strike
Jim Unknown is caught stealing 3rd base
0-2: Ball
1-2: Strikes out swinging
Batting: LHB Jim Unknown 0-0: SOLO HOME RUN (Flyball, 89XD), Distance : 426 ft
Batting: RHB Alberto Ortíz 0-0: Ground out 4-3 (Groundball, 13)
Bottom of the 7th over - 1 run(s), 2 hit(s), 0 error(s), 0 left on base; Viola 5 - Winchester 4
TOP OF THE 8TH
Viola Spearheads batting - Pitching for Winchester Cosmos : RHP Armanno Salutari
Batting: RHB Jim Unknown 0-0: Foul Ball, location: 2F
0-1: Ball
1-1: Swinging Strike
1-2: Strikes out swinging
Batting: RHB Pepe Gómez 0-0: Called Strike
0-1: Foul Ball, location: 2F
0-2: SINGLE (Groundball, 5D)
Batting: RHB Jim Unknown 0-0: Fly out, F7 (Line Drive, 7M)
Batting: LHB Jim Unknown 0-0: Called Strike
0-1: Swinging Strike
0-2: Ball
1-2: Fly out, F4 (Line Drive, 4M)
Top of the 8th over - 0 run(s), 1 hit(s), 0 error(s), 1 left on base; Viola 5 - Winchester 4
BOTTOM OF THE 8TH
Winchester Cosmos batting - Pitching for Viola Spearheads : RHP Jim Unknown
Pitching: RHP Wynn Burton
Batting: SHB Jim Unknown 0-0: Ball
1-0: Ball
2-0: Called Strike
2-1: Ground out 4-3 (Groundball, 4)
Pitching: LHP Herb Bishop
Batting: LHB Mark Singer 0-0: Hit by Pitch
Batting: SHB Todd Cisneros 0-0: Called Strike
0-1: Foul Ball, location: 2F
0-2: Ground out U3 (Groundball, 3S)
Mark Singer to second
Batting: LHB Jim Unknown 0-0: Ball
1-0: Foul Ball, location: 2F
1-1: Foul Ball, location: 2F
1-2: Strikes out swinging
Bottom of the 8th over - 0 run(s), 0 hit(s), 0 error(s), 1 left on base; Viola 5 - Winchester 4
TOP OF THE 9TH
Viola Spearheads batting - Pitching for Winchester Cosmos : RHP Armanno Salutari
Pitching: LHP Jim Unknown
Batting: RHB Daniel Drake 0-0: Called Strike
0-1: Ball
1-1: Fly out, F3 (Popup, 3F)
Pitching: RHP Fernando Colón
Batting: RHB Jim Unknown 0-0: Ball
1-0: Ball
2-0: Foul Ball, location: 2F
2-1: Ball
3-1: Base on Balls
Batting: RHB Jim Unknown 0-0: Ground out 5-3 (Groundball, 15S)
Jim Unknown to second
Batting: RHB Jim Unknown 0-0: Ball
1-0: Hit by Pitch
Batting: RHB Doug Rowland 0-0: Swinging Strike
0-1: Ball
1-1: Ball
2-1: Ball
3-1: SINGLE (Groundball, 6D)
Jim Unknown to third
Jim Unknown to second
Throwing error, E7
Jim Unknown scores
Jim Unknown to third
Doug Rowland to second
Batting: RHB Jim Unknown 0-0: Swinging Strike
0-1: Foul Ball, location: 2F
0-2: Fly out, F9 (Flyball, 89M)
Top of the 9th over - 1 run(s), 1 hit(s), 1 error(s), 2 left on base; Viola 6 - Winchester 4
BOTTOM OF THE 9TH
Winchester Cosmos batting - Pitching for Viola Spearheads : LHP Herb Bishop
Pitching: LHP José Martínez
Batting: LHB Jim Unknown 0-0: Called Strike
0-1: Ball
1-1: Called Strike
1-2: Fly out, F8 (Flyball, 8LS)
Batting: RHB Jim Unknown 0-0: Fly out, F3 (Popup, 3F)
Batting: LHB Jim Unknown 0-0: Ball
1-0: Swinging Strike
1-1: Ball
2-1: Ground out 6-3 (Groundball, 6)
Bottom of the 9th over - 0 run(s), 0 hit(s), 0 error(s), 0 left on base; Viola 6 - Winchester 4
This league is powered by Out of the Park Baseball, the baseball management simulation game for PC, Mac and Linux
Saturday, February 27th, 2021 - OOTP Baseball 15.6 Build 34